 Dungeon Crawl Stone Soup version 0.25-a0-566-g062765be81 (webtiles) character file.

Game seed: 6832997748778920310, levelgen mode: deterministic

241 drasked the Firebug (level 5, -4/28 HPs)
             Began as a Deep Elf Fire Elementalist on Feb 28, 2020.
             Slain by an orc warrior
             ... wielding a +0 glaive
              (19 damage)
             ... on level 4 of the Dungeon.
             The game lasted 00:06:35 (3835 turns).

drasked the Firebug (Deep Elf Fire Elementalist)    Turns: 3835, Time: 00:06:35

Health: -4/28      AC:  3    Str:  5    XL:     5   Next: 80%
Magic:  11/11      EV: 13    Int: 21    God:
Gold:   123        SH:  2    Dex: 15    Spells: 9/10 levels left

rFire    . . .     SeeInvis .   g - +0 whip
rCold    . . .     Gourm    .   (no shield)
rNeg     . . .     Faith    .   a - +0 robe
rPois    .         Spirit   .   (no helmet)
rElec    .         Reflect  +   k - +0 cloak
rCorr    .         Harm     .   (no gloves)
MR       .....                  (no boots)
Stlth    ++........             o - +2 amulet of reflection
HPRegen  0.09/turn              (no ring)
MPRegen  0.12/turn              (no ring)

@: no status effects
A: no striking features
a: no special abilities


You were on level 4 of the Dungeon.
You were not hungry.

You visited 1 branch of the dungeon, and saw 4 of its levels.

You collected 123 gold pieces.

Inventory:

Hand Weapons
 g - a +0 whip (weapon)
   (You found it on level 1 of the Dungeon)
Armour
 a - a +0 robe (worn)
 k - a +0 cloak (worn)
   (You found it on level 1 of the Dungeon)
Jewellery
 o - a +2 amulet of reflection (around neck)
   (You found it on level 3 of the Dungeon)
Wands
 n - a wand of flame (22)
   (You took it off a goblin on level 3 of the Dungeon)
Scrolls
 c - 5 scrolls of remove curse {unknown}
 d - 2 scrolls of identify {unknown}
 h - a scroll of random uselessness {unknown}
 l - a scroll of amnesia {unknown}
 m - a scroll of fear {unknown}
 q - a scroll of noise {unknown}
 r - a scroll of immolation {unknown}
Potions
 b - 2 potions of curing {unknown}
 f - a potion of cancellation {unknown}
 i - a potion of might {unknown}
 j - 2 potions of lignification {unknown}
 p - 2 potions of resistance {unknown}
Comestibles
 e - 5 rations
 s - 2 chunks of flesh {@w0}


   Skills:
 - Level 2.4 Dodging
 - Level 2.4 Stealth
 - Level 3.0 Spellcasting
 + Level 5.1 Conjurations
 + Level 5.1 Fire Magic


You had 9 spell levels left.
You knew the following spells:

 Your Spells              Type           Power        Failure   Level  Hunger
a - Foxfire               Conj/Fire      ###.         1%          1    None

Your spell library contained the following spells:

 Spells                   Type           Power        Failure   Level  Hunger
 Conjure Flame            Conj/Fire      ###.....     4%          3    ###....
 Inner Flame              Hex/Fire       ##......     14%         3    ###....
 Sticky Flame             Conj/Fire      ###.....     16%         4    ####...
 Fireball                 Conj/Fire      ###.......   41%         5    ######.


Dungeon Overview and Level Annotations

Branches:
Dungeon (4/15)
 Temple: D:4-7

Altars:
Dithmenos
Fedhas
Kikubaaqudgha
Nemelex Xobeh
Xom


Message History

You conjure some foxfire!
The foxfire hits the giant cockroach!
You kill the giant cockroach!
You start resting.
You are feeling hungry.
You start resting.
A hound comes into view.
A hound is nearby!
You conjure some foxfire!
The hound barks!
The foxfire hits the hound.
You conjure some foxfire!
The foxfire hits the hound! x2
You kill the hound!
You see here a hound corpse.
You butcher the hound corpse.
s - a chunk of flesh {@w0} You see here a hound skeleton.
You start resting.
Eating a chunk of flesh {@w0}.
You eat the chunk of flesh {@w0}.
e - 4 rations (gained 1)
You now have 123 gold pieces (gained 11).
A worker ant comes into view.
A worker ant is nearby!
A worker ant is nearby!
You conjure some foxfire!
The foxfire hits the worker ant.
The worker ant twitches its antennae in your direction.
You conjure some foxfire!
The worker ant closely misses you.
The foxfire hits the worker ant.
The worker ant bites you but does no damage.
The worker ant misses you.
You conjure some foxfire!
The worker ant bites you.
You are poisoned.
The worker ant poisons you!
You feel sick.
The foxfire hits the worker ant. x2; The worker ant bites you!
* * * LOW HITPOINT WARNING * * *
You conjure some foxfire!
You feel sick. The worker ant misses you. You block the worker ant's attack.
You feel sick.
The foxfire hits the worker ant but does no damage.
The foxfire hits the worker ant.
You kill the worker ant!
Your Conjurations skill increases to level 5!
Your Fire Magic skill increases to level 5!
You start resting.
You feel sick. x7
You start resting.
You feel sick.
You are no longer poisoned.
You start resting.
You see here a whip.
e - 5 rations (gained 1)
An adder comes into view.
The adder hisses angrily.
An adder is nearby!
You conjure some foxfire!
The foxfire hits the adder. x2
You conjure some foxfire!
The adder bites you but does no damage.
The foxfire hits the adder. x2
You kill the adder!
You see here an adder corpse.
You butcher the adder corpse.
s - a chunk of flesh {@w0} You see here an adder skeleton.
Okay, then.
You start resting.
An orc comes into view. It is wielding a +3 flail.
An orc is nearby!
You conjure some foxfire!
The foxfire hits the orc.
You conjure some foxfire!
The foxfire hits the orc.
You kill the orc!
You conjure some foxfire!
You start resting.
Eating a chunk of flesh {@w0}.
You eat the chunk of flesh {@w0}.
You butcher the orc corpse.
s - 2 chunks of flesh {@w0}
Things that are here:
a +3 flail; a +0 leather armour; an orc skeleton
Things that are here:
a +3 flail; a +0 leather armour; an orc skeleton 2 orcs and an orc warrior come into view.
There are monsters nearby!
There are monsters nearby!
You conjure some foxfire!
The orc shouts! x2
The foxfire hits the orc warrior but does no damage.
The orc warrior hits you from afar with a +0 glaive!
Ouch! That really hurt!
* * * LOW HITPOINT WARNING * * *
The foxfire hits the orc warrior but does no damage.
Things that are here:
a +3 flail; a +0 leather armour; an orc skeleton You see here a hunting sling.
There is a stone staircase leading up here.
The orc warrior hits you from afar with a +0 glaive!!
Ouch! That really hurt!
You die...

# # ## ##o ####### #..
#.....# #o# #.....#
#.# #...@.# #.#
#(....# ##.#
#....o############..#
#...[.o..o.o.......##
#.....###########รท...
#.....## #..#.
#......## #.###
#.......## #####)#
####..#..####.....#


You could see an orc warrior and an orc.

Levels and vault maps discovered:
D:1:      dpeg_arrival_houses_and_road, layout_basic, minmay_pentomino_x4
D:2:      layout_rooms, nicolae_overflow_hidden_temple,
          gammafunk_temple_overflow_wave
D:3:      layout_rooms, nicolae_overflow_crystal_walls
D:4:      layout_rooms, nemelex_xobeh_ov_fountains_minmay, first_ration, tgw_xom

Notes
Turn   | Place    | Note
-------+----------+-------------------------------------------
     0 | D:1      | drasked the Deep Elf Fire Elementalist began the quest for
                  | the Orb.
     0 | D:1      | Reached XP level 1. HP: 10/10 MP: 6/6
   189 | D:1      | Identified a cursed -1 short sword
   197 | D:1      | Reached XP level 2. HP: 15/15 MP: 2/8
   256 | D:1      | Identified a +0 whip (You found it on level 1 of the
                  | Dungeon)
   373 | D:1      | Reached skill level 2 in Conjurations
   721 | D:1      | Identified a +0 club
   862 | D:1      | Identified a cursed +0 club
   863 | D:1      | Reached skill level 4 in Fire Magic
   918 | D:1      | Reached XP level 3. HP: 19/19 MP: 6/9
  1129 | D:1      | Identified a +0 club
  1218 | D:2      | Found a blossoming altar of Fedhas.
  1311 | D:2      | Identified a +0 club
  1375 | D:2      | Reached skill level 3 in Conjurations
  1397 | D:2      | HP: 4/19 [poisoned by an adder]
  1796 | D:2      | Identified a +0 dagger
  1804 | D:2      | Reached XP level 4. HP: 24/24 MP: 5/10
  1912 | D:2      | Identified a +0 dagger
  1919 | D:2      | Reached skill level 4 in Conjurations
  2018 | D:2      | Identified a +0 club
  2136 | D:2      | Found an ancient bone altar of Kikubaaqudgha.
  2136 | D:2      | Found a shadowy altar of Dithmenos.
  2168 | D:3      | Identified a +0 flail of holy wrath
  2168 | D:3      | Identified a +0 chain mail
  2168 | D:3      | Identified a +0 leather armour
  2168 | D:3      | Identified a +0 war axe
  2168 | D:3      | Identified a +0 leather armour
  2217 | D:3      | HP: 6/24 [orc (4)]
  2697 | D:3      | Reached XP level 5. HP: 22/28 MP: 6/11
  2827 | D:3      | Identified a +0 whip
  2829 | D:3      | Identified a +0 whip
  2925 | D:3      | Identified a +0 club
  3098 | D:3      | Found a shimmering altar of Xom.
  3159 | D:3      | Identified a +0 club
  3164 | D:3      | Identified a +0 club
  3164 | D:3      | Identified a +0 hunting sling
  3285 | D:3      | Identified a +0 cloak (You found it on level 1 of the
                  | Dungeon)
  3285 | D:3      | Identified an amulet of reflection (You found it on level 3
                  | of the Dungeon)
  3426 | D:4      | Found a sparkling altar of Nemelex Xobeh.
  3510 | D:4      | Reached skill level 5 in Conjurations
  3510 | D:4      | Reached skill level 5 in Fire Magic
  3777 | D:4      | Identified a +3 flail
  3777 | D:4      | Identified a +0 leather armour
  3810 | D:4      | Identified a +0 glaive
  3810 | D:4      | Identified a +0 plate armour
  3810 | D:4      | Noticed an orc warrior
  3810 | D:4      | Identified a +3 hand axe
  3810 | D:4      | Identified a +0 chain mail
  3810 | D:4      | Identified a +0 short sword
  3810 | D:4      | Identified a +0 chain mail
  3835 | D:4      | Slain by an orc warrior

Table legend:
 A = Turns spent in this place as a percentage of turns spent in the entire game.
 B = Non-inter-level travel turns spent in this place as a percentage of non-inter-level travel turns spent in the entire game.
 C = Inter-level travel turns spent in this place as a percentage of turns spent in this place.
 D = Turns resting spent in this place as a percentage of non-inter-level travel turns spent in this place.
 E = Turns spent auto-exploring this place as a percentage of non-inter-level travel turns spent in this place.
 F = Non-inter-level travel turns spent in this place divided by the number of levels of this place that you've seen.
                   A       B       C       D       E      F
               +-------+-------+-------+-------+-------+----------------------
         Total | 100.0 | 100.0 |   6.8 |  48.9 |  35.1 | 893.5
       Dungeon | 100.0 | 100.0 |   6.8 |  48.9 |  35.1 | 893.5
               +-------+-------+-------+-------+-------+----------------------

Table legend:
 A = Kills in this place as a percentage of kills in entire the game.
 B = Kills by you in this place as a percentage of kills by you in the entire game.
 C = Kills by friends in this place as a percentage of kills by friends in the entire game.
 D = Other kills in this place as a percentage of other kills in the entire game.
 E = Experience gained in this place as a percentage of experience gained in the entire game.
 F = Experience gained in this place divided by the number of levels of this place that you have seen.
                   A       B       C       D       E      F
               +-------+-------+-------+-------+-------+----------------------
         Total | 100.0 | 100.0 |   N/A |   N/A | 100.0 |  86.2
       Dungeon | 100.0 | 100.0 |   N/A |   N/A | 100.0 |  86.2
               +-------+-------+-------+-------+-------+----------------------

Skill      XL: |  1  2  3  4  5 |
---------------+----------------+-----
Conjurations   | 2 3 4 5 |  5.1
Fire Magic     | 4 5 |  5.1
Dodging        | |  2.4
Stealth        | |  2.4
Spellcasting   | |  3.0

Action                   |  1- 3 |  4- 6 || total
-------------------------+-------+-------++-------
 Cast: Foxfire           |    84 |    78 ||   162
  Eat: Chunk             |     2 |     7 ||     9
Armor: Robe              |     4 |     5 ||     9
Dodge: Dodged            |    17 |    23 ||    40
Block: Other             |       |     1 ||     1

Vanquished Creatures
  A hound (D:4)
  2 worker ants
  6 adders
  An ooze (D:2)
  2 worms (D:3)
  2 dart slugs
  6 leopard geckos
  7 orcs
  5 giant cockroaches
  8 goblins
  6 hobgoblins
  2 jackals (D:2)
  9 kobolds
  3 quokkas
  A ball python (D:2)
  7 bats
  5 frilled lizards
  A quokka skeleton (D:4)
  13 rats
87 creatures vanquished.

Vanquished Creatures (others)
  250 foxfires
250 creatures vanquished.

Grand Total: 337 creatures vanquished
